 Dungeon Crawl Stone Soup version 0.26-a0-649-gf8c6c3aab7 (webtiles) character file.

Game seed: 1135200522160307600

490 DogServant the Bolt Thrower (level 7, -1/38 HPs)
             Began as a Kobold Arcane Marksman on Sept 27, 2020.
             Was an Initiate of Okawaru.
             Succumbed to a water moccasin's poison
             ... on level 5 of the Dungeon.
             The game lasted 00:09:24 (5385 turns).

DogServant the Bolt Thrower (KoAM)                  Turns: 5385, Time: 00:09:24

Health: -1/38      AC:  4    Str: -4 (8)  XL:     7   Next: 37%
Magic:  9/9        EV: 14    Int: 14      God:    Okawaru [......]
Gold:   291        SH:  0    Dex: 26 (29) Spells: 1/8 levels left

rFire    . . .     SeeInvis .   h - +2 spear (venom)
rCold    . . .     Faith    .   (shield restricted)
rNeg     . . .     Spirit   .   o - +0 leather armour
rPois    .         Reflect  .   (no helmet)
rElec    .         Harm     .   (no cloak)
rCorr    .         Rampage  .   n - +0 pair of gloves
MR       .....                  (no boots)
Stlth    +++.......             (no amulet)
HPRegen  0.03/turn              y - +6 ring of dexterity
MPRegen  0.11/turn              x - +6 ring of dexterity (curse)

@: lethally poisoned (-1 -> -38), slowed, lost strength, very slow
A: small, nightstalker 3
a: Renounce Religion


You were on level 5 of the Dungeon.
You worshipped Okawaru.
Okawaru was noncommittal.
You visited 1 branch of the dungeon, and saw 5 of its levels.

You collected 291 gold pieces.

Inventory:

Hand Weapons
 a - a +0 hand crossbow
 h - a +2 spear of venom (weapon)
Missiles
 d - 16 bolts
 l - 46 sling bullets
Armour
 n - a +0 pair of gloves (worn)
 o - a +0 leather armour (worn)
Jewellery
 i - an uncursed ring of resist corrosion
 x - a cursed +6 ring of dexterity (right hand)
 y - a +6 ring of dexterity (left hand)
Wands
 r - a wand of polymorph (3)
Scrolls
 b - 8 scrolls of remove curse {unknown}
 e - a scroll of blinking {unknown}
 f - 2 scrolls of immolation {unknown}
 j - 5 scrolls of identify {unknown}
 p - a scroll of teleportation {unknown}
 q - 2 scrolls of magic mapping {unknown}
 s - 2 scrolls of random uselessness {unknown}
 t - a scroll of noise {unknown}
 A - 2 scrolls of fear {unknown}
Potions
 c - 2 potions of curing {unknown}
 g - 2 potions of haste {unknown}
 k - 3 potions of stabbing {unknown}
 m - 2 potions of flight {unknown}
 u - a potion of might {unknown}
 v - a potion of lignification {unknown}
 w - a potion of magic {unknown}
 z - a potion of brilliance {unknown}


   Skills:
 - Level 1.1 Fighting
 - Level 5.3 Crossbows
 - Level 5.1 Dodging
 - Level 1.1 Spellcasting
 - Level 3.2 Hexes
 + Level 2.9 Fire Magic
 + Level 3.2 Invocations


You had one spell level left.
You knew the following spells:

 Your Spells              Type           Power        Failure   Level
a - Corona                Hex            #......      28%         1
b - Slow                  Hex            #.......     38%         2
c - Inner Flame           Hex/Fire       #.......     65%         3
d - Animate Skeleton      Necr           #.....       71%         1

Your spell library contained the following spells:

 Spells                   Type           Power        Failure   Level
 Pain                     Necr           #...         71%         1
 Sandblast                Erth           #.....       71%         1
 Passwall                 Tmut/Erth      #.......     83%         2
 Portal Projectile        Hex/Tloc       #.....       85%         3
 Cause Fear               Hex            #.........   95%         4
 Stone Arrow              Conj/Erth      #.....       97%         3
 Vampiric Draining        Necr           #.........   97%         3
 Leda's Liquefaction      Hex/Erth       #.........   99%         4
 Animate Dead             Necr           #.........   100%        4
 Petrify                  Tmut/Erth      #.......     100%        4
 Agony                    Necr           #.......     100%        5
 Lee's Rapid Deconstruct  Erth           #.........   100%        5


Dungeon Overview and Level Annotations

Branches:
Dungeon (5/15)             Temple (0/1) D:5

Altars:
Cheibriados
Gozag
Okawaru
Qazlal
Vehumet
Yredelemnul
Zin

Shops:
D:5 *

Annotations:
D:3 1 runed translucent door, MrRokkomies's ghost, amateur TeAE


Innate Abilities, Weirdness & Mutations

You are small and have problems with some larger weapons.
You are completely attuned to the shadows.


Message History

You are too injured to fight recklessly!
You are too injured to fight recklessly!
You are too injured to fight recklessly!
You are too injured to fight recklessly!
You miss the water moccasin.
The water moccasin is lightly wounded.
* * * LOW HITPOINT WARNING * * *
You feel very sick. The water moccasin bites you.
* * * LOW HITPOINT WARNING * * *
The water moccasin barely misses you.
You closely miss the water moccasin.
The water moccasin is moderately wounded.
* * * LOW HITPOINT WARNING * * *
You feel very sick. The water moccasin misses you.
The water moccasin barely misses you. The water moccasin misses you.
You hit the water moccasin but do no damage.
The water moccasin is moderately wounded.
You die...

### #.# #.# ##########.#
#..........# #.#######@##
#.# #.S.# #.# #.∩.# #.#
#...# ###### #.#
##+##.#....# ########.#
#...#.#.##.# .....(...#
#.#.#.#.##.#
###############.#.#.#.#..#
. ...>.......#'#.##...#


You could see a water moccasin (poisoned).

Vanquished Creatures
  An ogre (D:4)
  2 scorpions
  A hound (D:4)
  A bullfrog skeleton (D:5)
  2 orc wizards (D:3)
  A worker ant (D:4)
  7 adders
  An ooze (D:3)
  An adder skeleton (D:4)
  3 worms
  A dart slug (D:2)
  4 leopard geckos
  5 orcs
  2 giant cockroaches
  10 goblins
  8 hobgoblins
  5 jackals
  4 kobolds
  3 quokkas
  3 ball pythons
  12 bats
  5 frilled lizards
  A jackal skeleton (D:4)
  10 rats
93 creatures vanquished.

Notes
Turn   | Place    | Note
-------+----------+-------------------------------------------
     0 | D:1      | DogServant the Kobold Arcane Marksman began the quest for
                  | the Orb.
     0 | D:1      | Reached XP level 1. HP: 12/12 MP: 2/2
   316 | D:1      | Reached XP level 2. HP: 16/16 MP: 3/3
  1036 | D:1      | Reached XP level 3. HP: 20/20 MP: 4/4
  1365 | D:2      | Found a snail-covered altar of Cheibriados.
  1452 | D:2      | Became a worshipper of Cheibriados the Contemplative
  1519 | D:2      | Reached XP level 4. HP: 20/25 MP: 5/5
  2225 | D:3      | Found a radiant altar of Vehumet.
  2315 | D:3      | Reached * piety under Cheibriados
  2315 | D:3      | Reached XP level 5. HP: 20/29 MP: 6/6
  2760 | D:3      | Found an iron altar of Okawaru.
  2770 | D:3      | Found a glowing silver altar of Zin.
  2780 | D:3      | Reached skill level 5 in Crossbows
  2785 | D:3      | Fell from the grace of Cheibriados
  2785 | D:3      | Became a worshipper of Warmaster Okawaru
  2836 | D:3      | Found an opulent altar of Gozag.
  2836 | D:3      | Found a stormy altar of Qazlal.
  2847 | D:3      | Reached skill level 5 in Dodging
  3214 | D:3      | Found a runed translucent door.
  3215 | D:3      | Noticed MrRokkomies's ghost (amateur TeAE)
  3442 | D:3      | Reached XP level 6. HP: 34/34 MP: 7/7
  3481 | D:3      | Learned a level 2 spell: Slow
  3485 | D:3      | Learned a level 3 spell: Inner Flame
  3777 | D:4      | Learned a level 1 spell: Animate Skeleton
  3789 | D:4      | Reached skill level 1 in Invocations
  3822 | D:4      | Reached skill level 1 in Fire Magic
  3933 | D:4      | Noticed an ogre
  3964 | D:4      | Killed an ogre
  3964 | D:4      | Reached XP level 7. HP: 10/38 MP: 4/8
  4426 | D:5      | Entered Level 5 of the Dungeon
  4735 | D:5      | Found a basalt altar of Yredelemnul.
  4740 | D:5      | Found a staircase to the Ecumenical Temple.
  4894 | D:5      | Lost strength.
  5375 | D:5      | Found Cuong's Serpentskin Sales.
  5375 | D:5      | Noticed a water moccasin
  5385 | D:5      | Succumbed to a water moccasin's poison

Illustrated notes

Levels and vault maps discovered:
D:1:      dpeg_arrival_subterranean_lakeside_camping, layout_basic
D:2:      layout_loops_cross, cheibriados_altar_1, columned_hall_lemuel
D:3:      layout_rooms, vehumet_crystals, grunt_temple_overflow_cloverleaf,
          gammafunk_ghost_grave
D:4:      layout_rooms, minmay_misc_feat_diagonals, serial_bayou_pond_b
D:5:      layout_basic, minmay_temple_entry_hall, basic_altar, corner_web_ring,
          guppyfry_shop_venom, uniq_duvessa

Skill      XL: |  1  2  3  4  5  6  7 |
---------------+----------------------+-----
Crossbows      | 3 4 5 |  5.3
Dodging        | 3 4 5 |  5.1
Invocations    | 2 3 |  3.2
Fire Magic     | 2 |  2.9
Fighting       | |  1.1
Spellcasting   | |  1.1
Hexes          | |  3.2

Action                   |  1- 3 |  4- 6 |  7- 9 || total
-------------------------+-------+-------+-------++-------
Melee: Spear             |    74 |   135 |    35 ||   244
 Fire: Hand crossbow     |     7 |    25 |       ||    32
 Cast: Slow              |       |     2 |       ||     2
 Stab: Sleeping          |    12 |    11 |     2 ||    25
       Distracted        |       |     2 |     1 ||     3
Armor: Robe              |     4 |       |       ||     4
       Leather armour    |       |    32 |     4 ||    36
Dodge: Dodged            |    29 |   124 |    23 ||   176

Table legend: (Time is in decaauts)
 A = Elapsed time spent in this place.
 B = Non-inter-level travel time spent in this place.
 C = Inter-level travel time spent in this place.
 D = Time resting spent in this place.
 E = Time spent auto-exploring this place.
 F = Levels seen in this place.
 G = Mean time per level.
                   A        B        C        D        E       F      G
               +--------+--------+--------+--------+--------+-----+--------+
         Total |   6432 |   6323 |    109 |    535 |   5084 |   5 | 1286.4 |
       Dungeon |   6432 |   6323 |    109 |    535 |   5084 |   5 | 1286.4 |
               +--------+--------+--------+--------+--------+-----+--------+

Top non-repeatable levels by time:
     D:3: 1577 daAuts
     D:5: 1385 daAuts
     D:2: 1177 daAuts
     D:1: 1152 daAuts
     D:4: 1139 daAuts
